IL
SACRAMENTO RIVER CATS @ SYRACUSE CHIEFS
06/14/2047
 
TOP OF THE 1ST
Sacramento River Cats batting - Pitching for Syracuse Chiefs : LHP Jose Torres
Pitching: LHP Jose Torres
Batting: RHB Laroya Foronda 0-0: Ball
1-0: Foul Ball, location: 2F
1-1: SINGLE (Groundball, 4MS, EV 68.1 MPH) (infield hit)
Batting: LHB Ryan Braden 0-0: Ball
1-0: Ball
2-0: Ball
3-0: Called Strike
3-1: Base on Balls
Laroya Foronda to second
Batting: RHB Miguel Gonzalez 0-0: Called Strike
0-1: Grounds into double play, 5-4-3 (Groundball, 56, EV 82.5 MPH)
Laroya Foronda to third
Batting: RHB Chris King 0-0: Foul Ball, location: 2F
0-1: Called Strike
0-2: Strikes out swinging
Top of the 1st over - 0 runs, 1 hit, 0 errors, 1 left on base; Sacramento 0 - Syracuse 0
BOTTOM OF THE 1ST
Syracuse Chiefs batting - Pitching for Sacramento River Cats : LHP Adam Ody
Pitching: LHP Adam Ody
Batting: RHB Dusty Ballard 0-0: Called Strike
0-1: Swinging Strike
0-2: Ball
1-2: Ground out 4-3 (Groundball, 4, EV 105.6 MPH)
Batting: RHB Jim Miske 0-0: Ball
1-0: Foul Ball, location: 2F
1-1: Called Strike
1-2: Foul Ball, location: 2F
1-2: Strikes out swinging
Batting: RHB Ryan Hiemer 0-0: Called Strike
0-1: Called Strike
0-2: Ball
1-2: Ground out 6-3 (Groundball, 6, EV 102.5 MPH)
Bottom of the 1st over - 0 runs, 0 hits, 0 errors, 0 left on base; Sacramento 0 - Syracuse 0
TOP OF THE 2ND
Sacramento River Cats batting - Pitching for Syracuse Chiefs : LHP Jose Torres
Batting: RHB Hugo Zacarias 0-0: Ball
1-0: Ball
2-0: Ball
3-0: Called Strike
3-1: Base on Balls
Batting: RHB Martin Guerrero 0-0: Called Strike
0-1: Called Strike
0-2: Ball
1-2: Ball
Hugo Zacarias is caught stealing 2nd base 2-4
2-2: Ball
3-2: SOLO HOME RUN (Flyball, 7LD, EV 94.4 MPH), Distance : 343 ft
Batting: RHB Davey Beeson 0-0: Foul Ball, location: 2F
0-1: Ground out 6-3 (Groundball, 6, EV 100.0 MPH)
Batting: RHB Matt Fenimore 0-0: Swinging Strike
0-1: Ball
1-1: Foul Ball, location: 2F
1-2: Foul Ball, location: 2F
1-2: Strikes out looking
Top of the 2nd over - 1 run, 1 hit, 0 errors, 0 left on base; Sacramento 1 - Syracuse 0
BOTTOM OF THE 2ND
Syracuse Chiefs batting - Pitching for Sacramento River Cats : LHP Adam Ody
Batting: RHB Donovan Auclair 0-0: Called Strike
0-1: SINGLE (Line Drive, 34D, EV 104.4 MPH)
Batting: SHB Alex Ethridge 0-0: DOUBLE (Line Drive, 8RXD, EV 103.1 MPH)
Donovan Auclair to third
Batting: LHB Kyung-jin Cho 0-0: Ball
1-0: Foul Ball, location: 2F
1-1: Ball
2-1: Called Strike
2-2: Ball
3-2: Foul Ball, location: 2F
3-2: Foul Ball, location: 2F
3-2: Foul Ball, location: 2F
3-2: Strikes out looking
Batting: LHB Dana McDonald 0-0: SINGLE (Line Drive, 4D, EV 107.5 MPH)
Donovan Auclair scores
Alex Ethridge to third
Batting: RHB Steve Perez 0-0: Ball
Dana McDonald steals 2nd base
1-0: Foul Ball, location: 2F
1-1: Ball
2-1: DOUBLE (Groundball, 5L, EV 104.4 MPH)
Alex Ethridge scores
Dana McDonald scores
Pinch Runner at 2nd Jae-ik Soung:
Batting: RHB Jon Buscher 0-0: Ball
1-0: Called Strike
1-1: Called Strike
1-2: Foul Ball, location: 2F
1-2: Fly out, F7 (Flyball, 78S, EV 86.2 MPH)
Batting: RHB Dusty Ballard 0-0: Swinging Strike
0-1: Ball
1-1: Ball
2-1: Ball
3-1: Ground out 6-3 (Groundball, 6, EV 91.9 MPH)
Bottom of the 2nd over - 3 runs, 4 hits, 0 errors, 1 left on base; Sacramento 1 - Syracuse 3
TOP OF THE 3RD
Sacramento River Cats batting - Pitching for Syracuse Chiefs : LHP Jose Torres
Now at 1B: Jae-ik Soung
Batting: RHB Jack Toole 0-0: Called Strike
0-1: Ball
1-1: Ball
2-1: Ground out 6-3 (Groundball, 6, EV 101.2 MPH)
Batting: RHB Laroya Foronda 0-0: Ball
1-0: Called Strike
1-1: Foul Ball, location: 2F
1-2: Ball
2-2: DOUBLE (Groundball, 5L, EV 98.1 MPH)
Batting: LHB Ryan Braden 0-0: Called Strike
0-1: Ball
1-1: Called Strike
Laroya Foronda is caught stealing 3rd base 2-5
1-2: Strikes out looking
Top of the 3rd over - 0 runs, 1 hit, 0 errors, 0 left on base; Sacramento 1 - Syracuse 3
BOTTOM OF THE 3RD
Syracuse Chiefs batting - Pitching for Sacramento River Cats : LHP Adam Ody
Batting: RHB Jim Miske 0-0: Called Strike
0-1: Ball
1-1: Ball
2-1: Foul Ball, location: 2F
2-2: Ground out 5-3 (Groundball, 5S, EV 88.8 MPH)
Batting: RHB Ryan Hiemer 0-0: Ball
1-0: Ground out 6-3 (Groundball, 6, EV 77.5 MPH)
Batting: RHB Donovan Auclair 0-0: SINGLE (Groundball, 4MD, EV 100.0 MPH)
Batting: SHB Alex Ethridge 0-0: Ball
1-0: Fly out, F2 (Popup, 25F, EV 91.9 MPH)
Bottom of the 3rd over - 0 runs, 1 hit, 0 errors, 1 left on base; Sacramento 1 - Syracuse 3
TOP OF THE 4TH
Sacramento River Cats batting - Pitching for Syracuse Chiefs : LHP Jose Torres
Batting: RHB Miguel Gonzalez 0-0: Foul Ball, location: 2F
0-1: Foul Ball, location: 2F
0-2: Foul Ball, location: 2F
0-2: Fly out, F8 (Flyball, 8RD, EV 102.5 MPH)
Batting: RHB Chris King 0-0: Called Strike
0-1: Called Strike
0-2: Ball
1-2: Ball
2-2: DOUBLE (Line Drive, 8RXD, EV 102.5 MPH)
Batting: RHB Hugo Zacarias 0-0: Called Strike
0-1: Swinging Strike
0-2: Strikes out swinging
Batting: RHB Martin Guerrero 0-0: Ball
1-0: Ball
2-0: Foul Ball, location: 2F
2-1: Ball
3-1: Swinging Strike
3-2: Base on Balls
Batting: RHB Davey Beeson 0-0: Ball
1-0: Called Strike
1-1: SINGLE (Line Drive, 8RS, EV 110.6 MPH)
Chris King to third
Martin Guerrero to second
Batting: RHB Matt Fenimore 0-0: Ball
1-0: Ball
2-0: Ball
3-0: Base on Balls
Chris King scores
Martin Guerrero to third
Davey Beeson to second
Batting: RHB Jack Toole 0-0: Ball
1-0: Foul Ball, location: 2F
1-1: SINGLE (Groundball, 56, EV 103.1 MPH)
Martin Guerrero scores
Davey Beeson to third
Matt Fenimore to second
Runner from 3rd tries for Home, SAFE, throw by LF to home
Batting: RHB Laroya Foronda 0-0: Called Strike
Balk!
Matt Fenimore to third
Jack Toole to second
0-1: Fly out, F6 (Popup, 6, EV 80.0 MPH)
Top of the 4th over - 3 runs, 3 hits, 0 errors, 2 left on base; Sacramento 4 - Syracuse 3
BOTTOM OF THE 4TH
Syracuse Chiefs batting - Pitching for Sacramento River Cats : LHP Adam Ody
Batting: LHB Kyung-jin Cho 0-0: Foul Ball, location: 2F
0-1: SINGLE (Groundball, 56D, EV 108.8 MPH)
Batting: LHB Dana McDonald 0-0: Grounds into double play, 1-6-3 (Groundball, 13, EV 66.2 MPH)
Batting: LHB Jae-ik Soung 0-0: Swinging Strike
0-1: Ball
1-1: Foul Ball, location: 2F
1-2: Foul Ball, location: 2F
1-2: Ball
2-2: Foul Ball, location: 2F
2-2: Strikes out swinging
Bottom of the 4th over - 0 runs, 1 hit, 0 errors, 0 left on base; Sacramento 4 - Syracuse 3
TOP OF THE 5TH
Sacramento River Cats batting - Pitching for Syracuse Chiefs : LHP Jose Torres
Batting: LHB Ryan Braden 0-0: SINGLE (Groundball, 6MS, EV 68.8 MPH) (infield hit)
Batting: RHB Miguel Gonzalez 0-0: Ball
1-0: Foul Ball, location: 2F
1-1: Called Strike
1-2: Ball
2-2: SINGLE (Line Drive, 78S, EV 104.4 MPH)
Ryan Braden to second
Batting: RHB Chris King 0-0: Ball
1-0: Ball
2-0: Fielders Choice at 2nd, 4-6 (Groundball, 4, EV 101.2 MPH)
Ryan Braden to third
Batting: RHB Hugo Zacarias 0-0: Called Strike
0-1: Foul Ball, location: 2F
0-2: Foul Ball, location: 2F
0-2: Ball
1-2: Ball
2-2: Ball
3-2: Base on Balls
Chris King to second
Batting: RHB Martin Guerrero 0-0: Called Strike
0-1: Ball
1-1: Foul Ball, location: 2F
1-2: Foul Ball, location: 2F
1-2: Foul Ball, location: 2F
1-2: Ball
2-2: Foul Ball, location: 2F
2-2: Ball
3-2: Fly out, F7 (Flyball, 78XD, EV 88.8 MPH)
Runner from 3rd tags up, SCORES, no throw by LF
Pitching: RHP Sean Rice
Batting: RHB Davey Beeson 0-0: Fly out, F9 (Flyball, 89M, EV 88.8 MPH)
Top of the 5th over - 1 run, 2 hits, 0 errors, 2 left on base; Sacramento 5 - Syracuse 3
BOTTOM OF THE 5TH
Syracuse Chiefs batting - Pitching for Sacramento River Cats : LHP Adam Ody
Batting: RHB Jon Buscher 0-0: Ball
1-0: Ground out 6-3 (Groundball, 6MD, EV 78.1 MPH)
Batting: RHB Dusty Ballard 0-0: Called Strike
0-1: Fly out, F8 (Flyball, 8RD, EV 92.5 MPH)
Batting: RHB Jim Miske 0-0: Called Strike
0-1: Foul Ball, location: 2F
0-2: Ball
1-2: DOUBLE (Line Drive, 9LS, EV 89.4 MPH)
Batting: RHB Ryan Hiemer 0-0: Called Strike
0-1: Ball
1-1: Swinging Strike
1-2: Strikes out swinging
Bottom of the 5th over - 0 runs, 1 hit, 0 errors, 1 left on base; Sacramento 5 - Syracuse 3
TOP OF THE 6TH
Sacramento River Cats batting - Pitching for Syracuse Chiefs : RHP Sean Rice
Batting: RHB Matt Fenimore 0-0: Ball
1-0: Ball
2-0: Foul Ball, location: 2F
2-1: Swinging Strike
2-2: Fly out, F8 (Line Drive, 8RM, EV 85.6 MPH)
Batting: RHB Jack Toole 0-0: Called Strike
0-1: Swinging Strike
0-2: Foul Ball, location: 2F
0-2: Foul Ball, location: 2F
0-2: Foul Ball, location: 2F
0-2: Strikes out looking
Batting: RHB Laroya Foronda 0-0: SOLO HOME RUN (Flyball, 8RXD, EV 115.6 MPH), Distance : 446 ft
Batting: LHB Ryan Braden 0-0: Ball
1-0: Swinging Strike
1-1: Foul Ball, location: 2F
1-2: Foul Ball, location: 2F
1-2: Foul Ball, location: 2F
1-2: Ball
2-2: SINGLE (Groundball, 56D, EV 94.4 MPH)
Batting: RHB Miguel Gonzalez 0-0: Ball
1-0: Ball
2-0: Called Strike
2-1: Foul Ball, location: 2F
2-2: Strikes out swinging
Top of the 6th over - 1 run, 2 hits, 0 errors, 1 left on base; Sacramento 6 - Syracuse 3
BOTTOM OF THE 6TH
Syracuse Chiefs batting - Pitching for Sacramento River Cats : LHP Adam Ody
Batting: RHB Donovan Auclair 0-0: Ball
1-0: Hit by Pitch
Pinch Runner at 1st Doug Anderson:
Batting: SHB Alex Ethridge 0-0: Ball
1-0: Called Strike
1-1: Grounds into double play, 5-4-3 (Groundball, 56S, EV 85.6 MPH)
Batting: LHB Kyung-jin Cho 0-0: Ball
1-0: Called Strike
1-1: Ball
2-1: Swinging Strike
2-2: Foul Ball, location: 2F
2-2: Foul Ball, location: 2F
2-2: Fly out, F7 (Flyball, 78M, EV 74.4 MPH)
Bottom of the 6th over - 0 runs, 0 hits, 0 errors, 0 left on base; Sacramento 6 - Syracuse 3
TOP OF THE 7TH
Sacramento River Cats batting - Pitching for Syracuse Chiefs : RHP Sean Rice
Pitching: RHP Ruben Nevarel
Now at 2B: Dusty Ballard
Now in RF: Doug Anderson
Batting: RHB Chris King 0-0: Ball
1-0: Foul Ball, location: 2F
1-1: Ball
2-1: Called Strike
2-2: Strikes out swinging
Batting: RHB Hugo Zacarias 0-0: Swinging Strike
0-1: Called Strike
0-2: Strikes out swinging
Batting: RHB Martin Guerrero 0-0: Called Strike
0-1: Ground out 6-3 (Groundball, 56, EV 96.9 MPH)
Top of the 7th over - 0 runs, 0 hits, 0 errors, 0 left on base; Sacramento 6 - Syracuse 3
BOTTOM OF THE 7TH
Syracuse Chiefs batting - Pitching for Sacramento River Cats : LHP Adam Ody
Batting: LHB Dana McDonald 0-0: Ball
1-0: Foul Ball, location: 2F
1-1: Ball
2-1: Foul Ball, location: 2F
2-2: Ball
3-2: Foul Ball, location: 2F
3-2: Foul Ball, location: 2F
3-2: Foul Ball, location: 2F
3-2: SOLO HOME RUN (Flyball, 7D, EV 100.0 MPH), Distance : 375 ft
Batting: LHB Jae-ik Soung 0-0: Called Strike
0-1: Ball
1-1: Called Strike
1-2: Ball
2-2: Strikes out swinging
Batting: RHB Jon Buscher 0-0: Called Strike
0-1: Ground out 6-3 (Groundball, 56, EV 102.5 MPH)
Batting: RHB Dusty Ballard 0-0: Called Strike
0-1: Ball
1-1: Swinging Strike
1-2: Ball
2-2: Foul Ball, location: 2F
2-2: Strikes out swinging
Bottom of the 7th over - 1 run, 1 hit, 0 errors, 0 left on base; Sacramento 6 - Syracuse 4
TOP OF THE 8TH
Sacramento River Cats batting - Pitching for Syracuse Chiefs : RHP Ruben Nevarel
Batting: RHB Davey Beeson 0-0: Foul Ball, location: 2F
0-1: Ball
1-1: Foul Ball, location: 2F
1-2: Strikes out swinging
Batting: RHB Matt Fenimore 0-0: Swinging Strike
0-1: Ball
1-1: Called Strike
1-2: Strikes out looking
Batting: RHB Jack Toole 0-0: Hit by Pitch
Batting: RHB Laroya Foronda 0-0: Called Strike
0-1: Ball
1-1: Swinging Strike
1-2: Hit by Pitch
Jack Toole to second
Batting: LHB Ryan Braden 0-0: Foul Ball, location: 2F
0-1: Ball
1-1: Foul Ball, location: 2F
1-2: SINGLE (Groundball, 56, EV 102.5 MPH) (infield hit)
Jack Toole to third
Laroya Foronda to second
Batting: RHB Miguel Gonzalez 0-0: Called Strike
0-1: Swinging Strike
0-2: Ball
1-2: Ball
2-2: Strikes out looking
Top of the 8th over - 0 runs, 1 hit, 0 errors, 3 left on base; Sacramento 6 - Syracuse 4
BOTTOM OF THE 8TH
Syracuse Chiefs batting - Pitching for Sacramento River Cats : LHP Adam Ody
Pitching: RHP Herman Ruiz
Batting: RHB Jim Miske 0-0: SINGLE (Flyball, 7LS, EV 95.0 MPH)
Batting: RHB Ryan Hiemer 0-0: Ball
1-0: Called Strike
1-1: Ball
2-1: Ball
3-1: Fielders Choice at 2nd, 4-6 (Groundball, 34, EV 84.4 MPH)
Batting: LHB Doug Anderson 0-0: Ball
1-0: Ball
2-0: Ball
3-0: Base on Balls
Ryan Hiemer to second
Pitching: LHP Chris Morales
Batting: SHB Alex Ethridge 0-0: Ball
1-0: Ball
2-0: Foul Ball, location: 2F
2-1: Ball
3-1: Swinging Strike
3-2: Foul Ball, location: 2F
3-2: Foul Ball, location: 2F
3-2: Base on Balls
Ryan Hiemer to third
Doug Anderson to second
Batting: LHB Kyung-jin Cho 0-0: Ball
1-0: Ball
2-0: Ball
3-0: Base on Balls
Ryan Hiemer scores
Doug Anderson to third
Alex Ethridge to second
Batting: LHB Dana McDonald 0-0: Called Strike
0-1: SINGLE (Groundball, 4D, EV 108.1 MPH)
Doug Anderson scores
Alex Ethridge to third
Kyung-jin Cho to second
Runner from 3rd tries for Home, throw by CF and OUT! 8-2
Batting: LHB Jae-ik Soung 0-0: Ground out 5-3 (Groundball, 56, EV 108.1 MPH)
Bottom of the 8th over - 2 runs, 2 hits, 0 errors, 2 left on base; Sacramento 6 - Syracuse 6
TOP OF THE 9TH
Sacramento River Cats batting - Pitching for Syracuse Chiefs : RHP Ruben Nevarel
Pitching: RHP Jamie Verberkmoes
Batting: RHB Chris King 0-0: Foul Ball, location: 2F
0-1: Ball
1-1: Called Strike
1-2: Ground out 4-3 (Groundball, 4, EV 88.8 MPH)
Pinch Hitting: LHB Kevin Kantor 0-0: Ground out U3 (Groundball, 3, EV 83.8 MPH)
Batting: RHB Martin Guerrero 0-0: Called Strike
0-1: Called Strike
0-2: Fly out, F9 (Flyball, 89S, EV 80.0 MPH)
Top of the 9th over - 0 runs, 0 hits, 0 errors, 0 left on base; Sacramento 6 - Syracuse 6
BOTTOM OF THE 9TH
Syracuse Chiefs batting - Pitching for Sacramento River Cats : LHP Chris Morales
Pitching: RHP Taiji Morita
Now in LF: David Ramirez
Pinch Hitting: LHB John Luke 0-0: Ball
1-0: Ball
2-0: Called Strike
2-1: Swinging Strike
2-2: Ground out 4-3 (Groundball, 4, EV 106.9 MPH)
Batting: RHB Dusty Ballard 0-0: Ball
1-0: Ball
2-0: Ball
3-0: Foul Ball, location: 2F
3-1: Base on Balls
Batting: RHB Jim Miske 0-0: Called Strike
0-1: Ground out 5-3 (Groundball, 56S, EV 83.1 MPH)
Dusty Ballard to second
Batting: RHB Ryan Hiemer 0-0: SINGLE (Line Drive, 4MD, EV 110.0 MPH)
Dusty Ballard to third
Runner from 3rd tries for Home, SAFE, throw by CF to home
Bottom of the 9th over - 1 run, 1 hit, 0 errors, 1 left on base; Sacramento 6 - Syracuse 7
Thursday, December 15th , 2022 - OOTP Baseball 23.9 Build 102